Map: Dusk Towers

Players

LiquidMaNa (MaNa)

  • Race: Protoss Protoss

speaknow (ByuN) - Winner!

  • Race: Terran Terran
  • League: Platinum

VOD

Have the link to the VOD?

Description

Time

  • Played on: Dec. 14, 2015, 10 p.m.
  • Length: 7:55
Show
View Real Time Build Order
Export as new Build Order

LiquidMaNa Protoss 

Build Orders: 1 Gate Expand 

Get SALT Encoding   

  12  0:01  Probe (Chrono Boost)  
  13  0:11  Probe (Chrono Boost)  
  14  0:17  Pylon  
  14  0:22  Probe (Chrono Boost)  
  15  0:35  Probe (Chrono Boost)  
  16  0:36  Gateway  
  16  0:46  Probe (Chrono Boost)  
  17  1:07  Nexus  
  17  1:10  Probe (Chrono Boost)  
  18  1:16  Assimilator  
  18  1:21  Probe (Chrono Boost)  
  19  1:29  Cybernetics Core  
  19  1:32  Probe (Chrono Boost)  
  20  1:41  Assimilator  
  20  1:43  Probe (Chrono Boost)  
  21  1:52  Pylon  
  21  1:53  Probe (Chrono Boost)  
  21  2:02  Warp Gate (Chrono Boost)  
  21  2:04  Probe (Chrono Boost)  
  22  2:11  Stalker  
  22  2:14  Probe (Chrono Boost)  
  25  2:20  Probe (Chrono Boost)  
  26  2:25  Probe (Chrono Boost)  
  27  2:33  Robotics Facility  
  27  2:34  Probe  
  28  2:38  Probe  
  29  2:46  Stalker  
  29  2:47  Probe  
  33  2:51  Probe  
  33  2:57  Mothership Core  
  33  3:03  Probe  
  36  3:09  Gateway  
  36  3:12  Pylon  
  36  3:17  Stalker  
  38  3:21  Observer (Chrono Boost)  
  39  3:28  Probe x2  
  39  3:32  Assimilator  
  41  3:43  Probe  
  41  3:44  Probe, Twilight Council  
  43  3:56  Probe x2, Observer (Chrono Boost)  
  43  3:59  Adept  
  45  4:08  Probe x2  
  39  4:13  Stalker  
  40  4:20  Probe x2 (Chrono Boost)  
  42  4:25  Warp Prism  
  42  4:31  Probe (Chrono Boost)  
  45  4:35  Pylon  
  45  4:36  Probe (Chrono Boost)  
  46  4:40  Probe (Chrono Boost), Blink (Chrono Boost)  
  47  4:50  Probe (Chrono Boost)  
  47  4:51  Probe (Chrono Boost), Adept  
  50  5:02  Probe (Chrono Boost)  
  50  5:03  Probe (Chrono Boost)  
  52  5:12  Stalker  
  52  5:13  Probe x2 (Chrono Boost)  
  54  5:18  Adept  
  56  5:23  Probe (Chrono Boost)  
  56  5:24  Probe (Chrono Boost)  
  57  5:34  Probe x2 (Chrono Boost)  
  59  5:42  Gateway  
  59  5:43  Stalker, Gateway  
  59  5:47  Adept  
  60  5:51  Probe x2 (Chrono Boost)  
  62  6:06  Pylon  
  62  6:08  Pylon  
  62  6:24  Probe x2 (Chrono Boost)  
  64  6:26  Stalker x2  
  68  6:33  Pylon  
  68  6:35  Probe x2 (Chrono Boost)  
  69  6:45  Probe x2 (Chrono Boost)  
  71  6:52  Adept x2  
  71  6:53  Stalker x2  
  76  6:56  Probe x2 (Chrono Boost)  
  78  7:06  Probe x2 (Chrono Boost)  
  80  7:17  Probe x2 (Chrono Boost)  
  79  7:26  Stalker x3  
  79  7:27  Probe (Chrono Boost)  
  79  7:29  Probe (Chrono Boost)  
  79  7:38  Probe (Chrono Boost)  
Show
View Real Time Build Order
Export as new Build Order

speaknow Terran - Winner!

Build Orders: 1/1/1, Liberator Opening 

Get SALT Encoding   

  12  0:00  SCV  
  13  0:13  SCV  
  14  0:17  Supply Depot  
  14  0:25  SCV  
  15  0:39  SCV  
  15  0:40  Barracks  
  16  0:43  Refinery  
  16  0:51  SCV  
  16  0:53  Refinery  
  17  1:03  SCV  
  18  1:15  SCV  
  19  1:27  Marine  
  19  1:29  Orbital Command  
  20  1:34  Factory  
  20  1:41  Supply Depot  
  20  1:45  Barracks Reactor  
  20  1:55  SCV  
  21  2:07  SCV  
  22  2:18  Hellion, Starport  
  22  2:19  SCV  
  22  2:22  Supply Depot  
  25  2:23  Marine  
  25  2:24  Marine  
  27  2:31  SCV  
  28  2:39  Hellion  
  28  2:41  Marine  
  28  2:44  Marine  
  32  2:46  SCV, Supply Depot  
  33  2:55  Medivac  
  35  3:00  Marine  
  35  3:01  Marine  
  35  3:03  Hellion  
  39  3:14  Liberator  
  39  3:22  Command Center  
  39  3:24  SCV  
  43  3:36  Marine  
  43  3:37  Marine  
  43  3:41  SCV  
  46  3:45  Factory Tech Lab  
  46  3:53  SCV  
  47  4:03  Liberator  
  47  4:09  Marine x2  
  47  4:13  SCV  
  47  4:14  Supply Depot  
  47  4:33  SCV, Siege Tank, Marine x2  
  53  4:39  Orbital Command  
  54  4:45  SCV  
  54  4:51  Marine x2  
  56  4:57  SCV  
  57  5:05  Siege Tank  
  60  5:09  SCV x2  
  60  5:12  Barracks  
  60  5:13  Viking  
  60  5:14  Barracks, Marine  
  64  5:15  Marine  
  66  5:22  Supply Depot  
  66  5:25  Supply Depot  
  66  5:26  SCV x2  
  68  5:32  Marine  
  68  5:35  Marine  
  70  5:41  Engineering Bay  
  70  5:44  SCV x2, Refinery  
  70  5:45  Supply Depot  
  70  5:46  Starport Reactor  
  72  5:50  Marine  
  72  5:55  Siege Tank  
  72  5:56  SCV x2  
  78  5:57  Marine  
  79  6:08  Marine  
  79  6:09  SCV x2, Barracks Tech Lab x2  
  80  6:17  Marine  
  81  6:21  SCV x2  
  83  6:26  Marine  
  84  6:33  SCV x2  
  84  6:38  Supply Depot  
  83  6:43  Siege Tank  
  86  6:55  Marine x2  
  86  6:57  Marauder x2  
  92  7:04  SCV x2, Supply Depot  
  92  7:07  Command Center, Missile Turret  
  92  7:08  Missile Turret  
  94  7:11  Medivac  
  94  7:12  Medivac  
  98  7:19  SCV x2  
  100  7:25  Marine, Marauder  
  100  7:26  Marauder  
  103  7:34  Barracks  
Tags
 
Add a new tag
Caveats
  • Supply blocks, unpowered buildings, or Contaminate may cause inaccurate times.
  • Supply counts are checked every 10 seconds.